Description

Clem vs Reynor g6 Build order

Build Order

Get SALT Encoding   

  12  0:00  SCV  
  13  0:12  SCV  
  14  0:16  Supply Depot  
  14  0:24  SCV  
  15  0:38  SCV, Barracks  
  16  0:43  Refinery  
  16  0:50  SCV  
  17  1:02  SCV  
  18  1:14  SCV  
  19  1:26  Orbital Command, Reaper  
  20  1:40  Command Center  
  20  1:48  Supply Depot  
  20  1:52  SCV  
  21  1:58  Marine  
  22  2:04  SCV  
  23  2:12  Factory  
  23  2:16  SCV  
  23  2:20  Barracks Reactor  
  25  2:42  Command Center  
  26  2:52  Orbital Command  
  27  3:01  Starport  
  28  3:07  Refinery  
  28  3:11  Hellion x2  
  33  3:22  Barracks Tech Lab  
  36  3:35  Hellion x2  
  40  3:45  Banshee  
  46  3:57  Hellion x2  
  46  4:00  Barracks Reactor  
  46  4:02  Cloaking Field  
  50  4:05  Orbital Command  
  52  4:12  Supply Depot  
  52  4:15  Barracks Tech Lab  
  52  4:24  Hellion x2  
  58  4:28  Banshee  
  61  4:36  Supply Depot  
  64  4:40  Barracks  
  64  4:45  Barracks  
  66  4:52  Factory Reactor  
  66  4:54  Stimpack  
  66  4:55  Orbital Command, Marine  
  67  5:01  Supply Depot  
  67  5:02  Refinery x2  
  69  5:12  Engineering Bay x2  
  69  5:13  Marine  
  75  5:32  Starport Reactor  
  76  5:38  Terran Infantry Weapons Level 1, Terran Infantry Armor Level 1  
  76  5:39  Marine x3  
  80  5:45  Factory Reactor  
  80  5:48  Marine x2  
  85  5:56  Barracks x2  
  86  5:57  Marine x2  
  95  6:14  Medivac x2  
  101  6:30  Widow Mine x2  
  107  6:41  Combat Shield  
  107  6:44  Factory  
  110  6:48  Refinery  
  110  6:53  Widow Mine x2  
  116  6:56  Medivac x2  
  116  7:00  Barracks Reactor x2  
  121  7:03  Armory  
  125  7:21  Sensor Tower  
  126  7:23  Widow Mine x2  
  134  7:31  Command Center  
  134  7:39  Widow Mine  
  138  7:45  Widow Mine x2  
  138  7:47  Medivac  
  148  7:56  Terran Infantry Weapons Level 2  
  149  8:00  Widow Mine  
  148  8:08  Medivac  
  148  8:12  Refinery  
  154  8:14  Terran Infantry Armor Level 2  
  154  8:17  Medivac  
  152  8:20  Barracks x3  
  142  8:38  Medivac  
  145  8:46  Medivac  
  145  9:00  Terran Vehicle And Ship Armor Level 1  
  151  9:08  Medivac  
  157  9:12  Planetary Fortress  
  153  9:40  Barracks Tech Lab x2  
  153  9:41  Marauder  
  161  9:57  Barracks Tech Lab  
Spawning Tool Build Advisor. Get it on Overwolf

Go to:

Details

  • Created by: Cheoklate
  • Published on: Jan 17, 2023
  • Modified on: Jan 17, 2023
  • Patch: 4.11.0
  • Difficulty: Hard
Show
View Real Time Build Order
Export as new Build Order

Comments (0)

There are no comments. Be the first!

Create an account to comment!